 Dungeon Crawl Stone Soup version 0.21-a0-225-g207ae17 (webtiles) character file.

4137 KristoblXynda the Thrower (level 10, -3/92 HPs)
             Began as an Ogre Monk on Aug 28, 2017.
             Was an Elder of Okawaru.
             Slain by an orc warrior
             ... wielding a +0 scimitar
              (21 damage)
             ... on level 8 of the Dungeon.
             The game lasted 00:23:49 (12223 turns).

KristoblXynda the Thrower (Ogre Monk)              Turns: 12223, Time: 00:23:49

Health: -3/92      AC:  7    Str: 17    XL:     10   Next: 27%
Magic:  13/13      EV: 11    Int: 14    God:    Okawaru [****..]
Gold:   373        SH:  0    Dex: 11    Spells: 9/9 levels left

rFire    . . .     SeeInvis .   a - +4 flail
rCold    . . .     Gourm    .   (no shield)
rNeg     . . .     Faith    .   b - +1 robe
rPois    +         Spirit   .   (helmet restricted)
rElec    .         Reflect  .   e - scarf {repulsion}
rCorr    .         Harm     .   (gloves unavailable)
MR       +....                  (boots unavailable)
Stlth    +.........             (no amulet)
HPRegen  0.25/turn              r - +3 ring of protection
MPRegen  0.13/turn              j - ring of poison resistance

@: heavily drained, repel missiles
A: unfitting armour, tough skin 1
a: Heroism, Renounce Religion


You were on level 8 of the Dungeon.
You worshipped Okawaru.
Okawaru was greatly pleased with you.
You were not hungry.

You visited 2 branches of the dungeon, and saw 10 of its levels.

You collected 373 gold pieces.

Inventory:

Hand Weapons
 a - a +4 flail (weapon)
 f - the +4 short sword of the Firefly {protect, rElec MP+9 Int+3}
   (You found it on level 4 of the Dungeon)

   It protects the one who uses it against injury (+AC on strike).
   It affects your intelligence (+3).
   It insulates you from electricity.
   It affects your magic capacity (+9).
 l - a +0 giant club
Armour
 b - a +1 robe (worn)
 e - a scarf of repulsion (worn)
 m - a +1 cloak
Jewellery
 j - a ring of poison resistance (right hand)
 r - a +3 ring of protection (left hand)
Wands
 s - a wand of confusion (41/48)
Scrolls
 h - a scroll of remove curse
 n - a scroll of fog
 o - 2 scrolls of amnesia
Potions
 d - 5 potions of brilliance
 k - 2 potions of resistance
 p - 2 potions of flight
Comestibles
 c - 6 bread rations


   Skills:
 - Level 4.0(2.5) Fighting
 - Level 2.1(0.7) Short Blades
 + Level 7.7(6.1) Maces & Flails
 + Level 8.3(6.7) Throwing
 - Level 5.0(3.6) Dodging
 - Level 1.4(0.0) Stealth
 + Level 2.9(1.5) Invocations
 - Level 5.1(3.7) Evocations


You had 9 spell levels left.
You didn't know any spells.

Dungeon Overview and Level Annotations

Branches:
Dungeon (9/15)             Temple (1/1) D:6
   Lair: D:8-11         Orc: D:9-12

Altars:
Ashenzari
Cheibriados
Elyvilon
Fedhas
Gozag
Hepliaklqana
Kikubaaqudgha
Makhleb
Nemelex Xobeh
Okawaru
Qazlal
Ru
Sif Muna
Trog
Uskayaw
Vehumet
Wu Jian
Xom
Yredelemnul
Zin
The Shining One

Shops:
D:6 *

Annotations:
D:6 1 runed door
D:9 Erica


Innate Abilities, Weirdness & Mutations

You are too large for most types of armour.
You have tough skin. (AC +1)


Message History

The orc warrior is heavily wounded.
The orc warrior hits you with a scimitar!
* * * LOW HITPOINT WARNING * * *
You barely miss the orc warrior.
The orc warrior is heavily wounded.
The orc warrior hits you but does no damage.
Throwing (i - inventory):
q - 2 javelins (quivered)
Press: ? - help, Shift-Dir - straight line, f - orc warrior
Aim: an orc warrior, wielding a scimitar and wearing a plate armour (heavily wounded)
You throw a javelin. The javelin hits the orc warrior.
The orc warrior is severely wounded.
The orc warrior hits you but does no damage.
Throwing (i - inventory):
q - a javelin (quivered)
Press: ? - help, Shift-Dir - straight line, f/p - orc warrior
Aim: an orc warrior, wielding a scimitar and wearing a plate armour (severely wounded)
You throw a javelin.
The javelin closely misses the orc warrior.
The javelin barely misses the orc. x3
The orc warrior hits you with a scimitar!!
You die...

### #.################
#.........[.......
#.################ #.# #.#
#.# #.# #@# #o# ########
#o# #....... #o# #.#####.
###o# #.#...#. #..o#
#.#.#.#. #o### #.#.#..<
......oo..#########.#.####
.......?..................


You could see an orc warrior and 4 orcs.

Vanquished Creatures
  Prince Ribbit (D:5)
  Grinder (D:4)
  2 soldier ants (D:6)
  An orc warrior (D:7)
  2 black bears
  An ice beast (D:5)
  2 sky beasts
  9 ogres
  2 centaurs
  5 bullfrogs (D:7)
  6 scorpions
  4 wights (D:8)
  6 killer bees
  A crimson imp (D:7)
  A centaur zombie (D:8)
  2 bullfrog zombies
  A hound (D:5)
  2 orc priests
  2 bullfrog skeletons
  2 iguanas
  4 orc wizards
  11 worker ants
  A hound skeleton (D:6)
  4 gnolls (D:5)
  10 adders
  2 shadow imps
  An ooze (D:1)
  2 adder skeletons
  An adder zombie (D:6)
  A worm (D:2)
  2 dart slugs
  3 leopard geckos
  30 orcs
  6 bats
  6 giant cockroaches
  8 goblins
  7 hobgoblins
  8 jackals
  5 kobolds
  A quokka (D:4)
  2 ball pythons
  7 frilled lizards
  2 jackal skeletons
  5 rats
182 creatures vanquished.

Notes
Turn   | Place    | Note
-------+----------+-------------------------------------------
     0 | D:1      | KristoblXynda the Ogre Monk began the quest for the Orb.
     0 | D:1      | Reached XP level 1. HP: 24/24 MP: 1/1
    82 | D:1      | Reached XP level 2. HP: 22/32 MP: 2/2
   212 | D:1      | Reached skill level 1 in Throwing
   425 | D:1      | Reached XP level 3. HP: 21/39 MP: 3/3
  1522 | D:3      | Reached XP level 4. HP: 30/48 MP: 4/4
  1674 | D:3      | Found a hide-covered altar of Uskayaw.
  2112 | D:3      | Reached skill level 2 in Throwing
  2112 | D:3      | Reached XP level 5. HP: 51/54 MP: 5/5
  2238 | D:4      | Noticed Grinder
  2240 | D:4      | Paralysed by Grinder for 2 turns
  2291 | D:4      | Noticed an ogre
  2307 | D:4      | Killed an ogre
  2505 | D:4      | Reached XP level 6. HP: 24/62 MP: 6/6
  2882 | D:4      | Found a sparkling altar of Nemelex Xobeh.
  3032 | D:4      | Reached skill level 3 in Throwing
  4040 | D:4      | Found an opulent altar of Gozag.
  4102 | D:4      | Got a smoking short sword
  4103 | D:4      | Identified the +4 short sword of the Firefly {protect, rElec MP+9 Int+3} (You found it on level 4 of the Dungeon)
  4211 | D:4      | Reached XP level 7. HP: 65/70 MP: 7/7
  4544 | D:4      | Paralysed by Grinder for 2 turns
  4552 | D:4      | Killed Grinder
  4552 | D:4      | Reached skill level 4 in Throwing
  4552 | D:4      | Reached skill level 5 in Dodging
  4633 | D:5      | Entered Level 5 of the Dungeon
  4693 | D:5      | Reached skill level 5 in Maces & Flails
  4758 | D:5      | Noticed Prince Ribbit
  4978 | D:5      | Reached skill level 1 in Evocations
  5626 | D:5      | Reached XP level 8. HP: 71/78 MP: 8/8
  5746 | D:5      | Found a glowing silver altar of Zin.
  5992 | D:5      | Killed Prince Ribbit
  5992 | D:5      | Reached skill level 5 in Throwing
  7034 | D:6      | Found a staircase to the Ecumenical Temple.
  7047 | Temple   | Entered the Ecumenical Temple
  7144 | Temple   | Became a worshipper of Warmaster Okawaru
  7144 | Temple   | Reached * piety under Okawaru
  7144 | Temple   | Reached ** piety under Okawaru
  7279 | D:6      | Found a runed door.
  7296 | D:6      | Found a runed door.
  7368 | D:6      | Reached skill level 6 in Throwing
  7368 | D:6      | Reached XP level 9. HP: 55/84 MP: 11/11
  7913 | D:6      | Found a basalt altar of Yredelemnul.
  7997 | D:6      | Found a radiant altar of Vehumet.
  8015 | D:6      | Found Cebaud's General Store.
  8089 | D:6      | Found a sacrificial altar of Ru.
  8089 | D:6      | Found a bloodstained altar of Trog.
  8091 | D:6      | Found a hazy altar of Hepliaklqana.
  8840 | D:7      | Found a burning altar of Makhleb.
  8953 | D:7      | Reached *** piety under Okawaru
  8953 | D:7      | Reached skill level 7 in Throwing
  9513 | D:7      | Reached skill level 5 in Evocations
  9576 | D:6      | Reached skill level 1 in Short Blades
 10393 | D:7      | Reached XP level 10. HP: 61/92 MP: 13/13
 10759 | D:7      | Reached skill level 1 in Invocations
 11058 | D:7      | Reached skill level 8 in Throwing
 11324 | D:8      | Reached **** piety under Okawaru
 11878 | D:8      | Found a snail-covered altar of Cheibriados.
 11891 | D:8      | You fall through a shaft!
 11891 | D:9      | Noticed Erica
 11894 | D:9      | Noticed a two-headed ogre
 12223 | D:8      | Slain by an orc warrior

Vault maps used:
D:1:      eino_arrival_druids_welcome
D:3:      overflow_temple_1_default, minmay_misc_feat_pillars
D:4:      grunt_gozag_breadcrumbs, nemelex_altar_shiori, first_bread,
          uniq_grinder
D:5:      zin_statuary, uniq_prince_ribbit1
D:6:      lemuel_insect_pit, lemuel_doored_altar,
          nicolae_overflow_hidden_temple, yredelemnul_altar_generic,
          minmay_temple_entry_large_hall, serial_shops, nicolae_shop_crystal,
          minmay_misc_feat_rows
D:7:      lemuel_crystal_altar
D:8:      overflow_temple_1_default, nicolae_dithmenos_shadow_blocks,
          special_room
D:9:      uniq_erica
Temple:   eino_temple_lava

Skill      XL: |  1  2  3  4  5  6  7  8  9 10 |
---------------+-------------------------------+-----
Maces & Flails | 3 4 5 6 7 |  7.7
Throwing       | 1 2 3 4 6 7 8 |  8.3
Dodging        | 3 4 5 |  5.0
Evocations     | 1 3 5 |  5.1
Short Blades   | 1 2 |  2.1
Invocations    | 2 |  2.9
Fighting       | |  4.0
Stealth        | |  1.4

Action                   |  1- 3 |  4- 6 |  7- 9 | 10-12 || total
-------------------------+-------+-------+-------+-------++-------
Melee: Mace              |    92 |   191 |       |       ||   283
       Short sword       |       |     8 |   636 |    79 ||   723
       Giant club        |       |       |    11 |    22 ||    33
       Flail             |       |       |       |    65 ||    65
Throw: Javelin           |       |    10 |    19 |     2 ||    31
Evoke: Wand              |       |       |     3 |       ||     3
  Use: Scroll            |       |     9 |     8 |     1 ||    18
       Potion            |       |     1 |     6 |       ||     7
 Stab: Sleeping          |     2 |       |     1 |     1 ||     4
       Distracted        |     1 |       |     1 |       ||     2
       Invisible         |       |       |     1 |       ||     1
  Eat: Royal jelly       |     1 |     1 |     1 |       ||     3
       Chunk             |       |     6 |     7 |     4 ||    17
       Bread ration      |       |       |     1 |       ||     1
       Meat ration       |       |       |     1 |     1 ||     2
       Fruit             |       |       |     3 |       ||     3
Armor: Robe              |    29 |    83 |   280 |    63 ||   455
       Skin              |       |     2 |       |       ||     2
Dodge: Dodged            |    70 |   138 |   447 |   102 ||   757

Table legend:
 A = Spawn XP
 B = Non-spawn XP
 C = Spawn XP percentage of total XP
 D = Spawn monster count
 E = Non-spawn monster count
 F = Spawn count percentage of total count
 G = Total turns spent on level
                    A         B        C        D         E        F      G
               +---------+---------+-------+---------+---------+-------+---------
         Total |    1125 |    4786 |  19.0 |      45 |     137 |  24.7 | 12223
               +---------+---------+-------+---------+---------+-------+---------
           D:1 |       0 |      41 |   0.0 |       0 |      20 |   0.0 |   804
           D:2 |      32 |      31 |  50.8 |       6 |       9 |  40.0 |  1133
           D:3 |     183 |      51 |  78.2 |       7 |      20 |  25.9 |   983
           D:4 |      49 |     569 |   7.9 |       5 |      13 |  27.8 |  2333
           D:5 |     303 |     673 |  31.0 |      10 |      11 |  47.6 |  1438
           D:6 |     282 |    1099 |  20.4 |       5 |      21 |  19.2 |  2114
           D:7 |     228 |    1866 |  10.9 |      11 |      27 |  28.9 |  2388
           D:8 |      48 |     456 |   9.5 |       1 |      16 |   5.9 |   916
               +---------+---------+-------+---------+---------+-------+---------
